Cogmind - Beta 17.1 @@@ ROGUE MODE // 2026.09.13 @ 17:26:26 Player: stixxx Result: Destroyed by G-34 Mercenary with Small Laser Performance ------------- Evolutions (1) 500 Regions Visited (2) 400 Robots Destroyed (5) 25 Value Destroyed (185) 185 Prototype IDs (0) 0 Alien Tech Used (0) 0 Bonus (200) 200 TOTAL SCORE: 1310 Bonus ------- Pacifist 200 Cogmind --------- Core Integrity 0/400 Matter 35/300 Energy 95/100 System Corruption 0% Temperature Cool (6) Movement Core (400) Ox7 Location -9/Materials Parts ------- > --- POWER (1) -------- (None) > --- PROPULSION (4) --- (None) > --- UTILITY (2) ------ Large Storage Unit ECM Suite > --- WEAPON (2) ------- Assault Rifle > --- INVENTORY (15) --- Ion Engine Light Treads Light Treads Aluminum Leg Structural Scanner Improved Terrain Scanner Targeting Computer Light Armor Plating Light Assault Rifle Peak State ------------ > --- POWER ------------ Improved Ion Engine > --- PROPULSION ------- Carbon-fiber Leg Carbon-fiber Leg Carbon-fiber Leg Carbon-fiber Leg > --- UTILITY ---------- Large Storage Unit ECM Suite > --- WEAPON ----------- Particle Gun Improved Light Cannon > --- INVENTORY -------- Ion Engine Light Treads Light Treads Aluminum Leg Structural Scanner Improved Terrain Scanner Light Armor Plating Assault Rifle Light Assault Rifle [Rating: 21] Favorites ----------- Power Ion Engine Engine Ion Engine Propulsion Carbon-fiber Leg Leg Carbon-fiber Leg Utility ECM Suite Device ECM Suite Storage Large Storage Unit Weapon Assault Rifle Energy Gun Particle Gun Ballistic Gun Assault Rifle Ballistic Cannon Improved Light Cannon Build | -11 -10 -9 ------- Run | Yrd Mat Mat Slots Evolved 2 | . . 2 Power . | . . . Propulsion 2 | . . 2 Utility . | . . . Weapon . | . . . Parts Attached 15 | 6 1 8 Power 2 | 1 . 1 Engine 2 | 1 . 1 Core . | . . . Reactor . | . . . Propulsion 6 | 2 . 4 Treads . | . . . Leg 6 | 2 . 4 Wheel . | . . . Hover . | . . . Flight . | . . . Utility 3 | 1 1 1 Device 1 | . 1 . Storage 2 | 1 . 1 Processor . | . . . Hackware . | . . . Protection . | . . . Artifact . | . . . Weapon 4 | 2 . 2 Energy Gun 1 | . . 1 Energy Cannon . | . . . Ballistic Gun 2 | 2 . . Ballistic Cannon 1 | . . 1 Launcher . | . . . Special Weapon . | . . . Impact Weapon . | . . . Slashing Weapon . | . . . Piercing Weapon . | . . . Special Melee Weapon . | . . . Unidentified Prototypes . | . . . Parts Lost 6 | . . 6 Power 1 | . . 1 Propulsion 3 | . . 3 Utility . | . . . Weapon 2 | . . 2 Highest Loss Streak 6 | . . 6 To Critical Strikes . | . . . Average Backups 5 | 1 3 8 Power . | . . . Propulsion 2 | . 2 2 Utility 2 | . 1 3 Weapon . | . . 1 Tool/Special . | . . . Unused Backups 6 | . . 6 Power . | . . . Propulsion 2 | . . 2 Utility 4 | . . 4 Weapon . | . . . Tool/Special . | . . . Average Slot Usage (%) 87 | . 96 82 Engine 11 | . 14 10 Leg 28 | . 28 28 Device 10 | . 10 11 Storage 12 | . 14 11 Energy Gun 5 | . . 7 Ballistic Gun 13 | . 28 5 Ballistic Cannon 5 | . . 7 Peak Build Rating 21 | 6 7 21 Average Rating 10 | 4 6 14 On Entrance 4 | . 6 7 Avg Prop Armor Cover (%) . | . . . Naked Turns . | . . . Heaviest Build 36 | 13 15 36 Greatest Support 60 | 20 20 60 Greatest Overweight (x) 11 | 4 . 11 Average Overweight (x) . | . . . Largest Inventory Capacity 15 | 8 8 15 Average Capacity 11 | 7 8 14 Most Carried 11 | 4 5 11 Average Carried 5 | 1 3 8 Final Capacity 15 | 8 8 15 Final Carried 9 | 2 5 9 Class Distribution -------------------- 100% | Mutant Dominant Class ---------------- Mutant | -10/Materials Mutant | -9/Materials Resources | -11 -10 -9 ----------- Run | Yrd Mat Mat Matter Collected 188 | 188 . . Remotely . | . . . Salvage Created 196 | . . 196 Parts 9 | . . 9 Haulers Intercepted . | . . . Recyclers Shooed . | . . . Parts Field Recycled . | . . . Retrieved Matter . | . . . Parts Self-Destructed . | . . . Prevented . | . . . Parts Restored . | . . . Kills | -11 -10 -9 ------- Run | Yrd Mat Mat Combat Hostiles Destroyed 5 | . . 5 Guns 3 | . . 3 Cannons 2 | . . 2 Classes Destroyed 3 | . . 3 Grunt 2 | . . 2 Brawler 2 | . . 2 Sentry 1 | . . 1 Best Kill Streak 3 | . . 3 Combat Bots Only 3 | . . 3 Max Kills in Single Turn 1 | . . 1 Gunslinging . | . . . Exploded . | . . . Melee . | . . . Uniques/NPCs Destroyed . | . . . Combat | -11 -10 -9 -------- Run | Yrd Mat Mat Hostile Shots Fired 143 | . 15 128 Missed 47 | . 10 37 Hits 96 | . 5 91 Melee 9 | . . 9 Projectile 87 | . 5 82 Critical Strikes 1 | . . 1 Damage Taken 1306 | . 56 1250 Core 407 | . . 407 Absorbed by Shields . | . . . Core Remaining (%) 100 | 100 100 . Volleys Fired 31 | . 5 26 Largest 2 | . 2 2 Hottest 98 | . 40 98 Shots Fired 43 | . 10 33 Gun 25 | . 10 15 Cannon 18 | . . 18 Launcher . | . . . Special . | . . . Kinetic 35 | . 10 25 Thermal 8 | . . 8 Explosive . | . . . Electromagnetic . | . . . Robot Hit Streak 8 | . 3 8 Robot Miss Streak 4 | . 3 4 Penetration Max . | . . . Secondary Targets . | . . . Shots Hit Robots 23 | . 5 18 Core Hits 8 | . . 8 Critical Kills . | . . . Critical Parts Destroyed 1 | . 1 . Critical Strikes 2 | . 1 1 Destroy 1 | . 1 . Blast 1 | . . 1 Melee Attacks . | . . . Impact . | . . . Slashing . | . . . Piercing . | . . . Sneak Attacks . | . . . Combat Hostiles . | . . . Follow-up Attacks . | . . . Damage Inflicted 467 | . 64 403 Guns 193 | . 64 129 Cannons 274 | . . 274 Explosions . | . . . Melee . | . . . Ramming . | . . . Kinetic 390 | . 64 326 Thermal 77 | . . 77 Explosive . | . . . Electromagnetic . | . . . Impact . | . . . Slashing . | . . . Piercing . | . . . Highest Corruption . | . . . Average Corruption . | . . . Corruption Purged . | . . . Corruption Blocked . | . . . Overload Shots . | . . . Overflow Damage . | . . . Projectiles . | . . . Explosions . | . . . Melee . | . . . Knockbacks 2 | . . 2 Impact . | . . . Kinetic 2 | . . 2 Secondary . | . . . Self-Inflicted Damage . | . . . Shots . | . . . Rammed . | . . . Targets Rammed . | . . . Kicked . | . . . Crushed . | . . . Highest Temperature 107 | . 6 107 Average Temperature 39 | . 6 42 Received Heat Transfer 495 | . 30 465 Siege Activations . | . . . Martial Activations . | . . . Shielding Activations . | . . . Robots Disrupted . | . . . Combat Hostiles . | . . . Robots Corrupted . | . . . Combat Hostiles . | . . . Parts Fried . | . . . Impact Corruptions . | . . . Robots Melted . | . . . Combat Hostiles . | . . . Parts Melted . | . . . Heat Transferred 185 | . . 185 Parts Sabotaged . | . . . Parts Stolen . | . . . Parts Stripped . | . . . Power Chain Reactions . | . . . Alert | -11 -10 -9 ------- Run | Yrd Mat Mat Maximum Alert Level . | . . . Low Security (%) 100 | 100 100 100 Level 1 . | . . . Level 2 . | . . . Level 3 . | . . . Level 4 . | . . . Level 5 . | . . . High Security . | . . . Max Security . | . . . Peak Influence 51 | . 15 51 Initial . | . . . Average 4 | . 1 8 Influence Increases 150 | . 19 131 Destroy 0b10 Robot/C 100 | . . 100 Destroy Leader 30 | . . 30 Successful Hack 4 | . 4 . Destroy Structure 1 | . . 1 Partial Spotted 15 | . 15 . Influence Decreases 129 | . 19 110 Time Decay 69 | . 19 50 Lost Part 60 | . . 60 Squads Dispatched 1 | . . 1 Investigation . | . . . Extermination . | . . . Reinforcement 1 | . . 1 Assault . | . . . Garrison . | . . . Intercept . | . . . Searches Triggered . | . . . Construction Impeded . | . . . Haulers Reinforced . | . . . Active Scanning Responses . | . . . Cargo Convoy Interrupts . | . . . Stealth | -11 -10 -9 --------- Run | Yrd Mat Mat Distress Signals 2 | . 2 . Communications Jammed . | . . . Distress Signals . | . . . Times Spotted 20 | . 8 12 Peak Tracking Total 9 | . 4 9 Tactical Retreats 3 | . 1 2 ECM-based Alert Blocks 13 | . 3 10 Traps | -11 -10 -9 ------- Run | Yrd Mat Mat Traps Triggered . | . . . Indirectly . | . . . Trap Hack Attempts . | . . . Triggered . | . . . Disarmed . | . . . Reprogrammed . | . . . Reused . | . . . Traps Extracted . | . . . Installed . | . . . Triggered . | . . . Machines | -11 -10 -9 ---------- Run | Yrd Mat Mat Machines Disabled . | . . . Max in Single Turn . | . . . Machines Repaired . | . . . Machines Dismantled . | . . . Machines Sabotaged . | . . . Overloaded Fab Kills . | . . . Hacking | -11 -10 -9 --------- Run | Yrd Mat Mat Machines Accessed 1 | . 1 . Terminals 1 | . 1 . Fabricators . | . . . Repair Stations . | . . . Recycling Units . | . . . Scanalyzers . | . . . Garrison Access . | . . . Total Hacks 3 | . 3 . Successful 2 | . 2 . Failed 1 | . 1 . Catastrophic . | . . . Database Lockouts . | . . . Manual . | . . . Terminals 3 | . 3 . Fabricators . | . . . Repair Stations . | . . . Recycling Units . | . . . Scanalyzers . | . . . Garrison Access . | . . . Terminal Hacks 2 | . 2 . Record 2 | . 2 . Fabricator Hacks . | . . . Repair Station Hacks . | . . . Recycling Unit Hacks . | . . . Scanalyzer . | . . . Garrison Access Hacks . | . . . Unauthorized Hacks . | . . . Terminals . | . . . Fabricators . | . . . Repair Stations . | . . . Recycling Units . | . . . Scanalyzers . | . . . Garrison Access . | . . . Data Cores Recovered . | . . . Used . | . . . Hacking Detections 1 | . 1 . Full Trace Events 1 | . 1 . Feedback Events . | . . . Feedback Blocked . | . . . Robot Schematics Acquired . | . . . Robots Built . | . . . Authchips . | . . . Time . | . . . Total Robot Build Rating . | . . . Part Schematics Acquired . | . . . Parts Built . | . . . Authchips . | . . . Time . | . . . Total Part Build Rating . | . . . Part Studies Acquired . | . . . Parts Repaired . | . . . Time . | . . . Parts Recycled . | . . . Recycled Matter . | . . . Retrieved Matter . | . . . Retrieved Components . | . . . Parts Scanalyzed . | . . . Part Schematics Acquired . | . . . Parts Damaged . | . . . Bothacking | -11 -10 -9 ------------ Run | Yrd Mat Mat Used RIF Installer . | . . . Robots Hacked . | . . . Non-combat . | . . . Combat . | . . . Robot Hacks Applied . | . . . Relay Couplers Released . | . . . Fabnet Peak Effective % . | . . . Robots Rewired . | . . . Allies Hacked . | . . . Hacks Repelled . | . . . Allies | -11 -10 -9 -------- Run | Yrd Mat Mat Total Allies . | . . . Largest Group . | . . . Highest-Rated Group . | . . . Highest-Rated Ally . | . . . Total Orders . | . . . Ally Attacks . | . . . Total Damage . | . . . Kills . | . . . Allies Corrupted . | . . . Allies Melted . | . . . Intel | -11 -10 -9 ------- Run | Yrd Mat Mat Active Infowar (turns) 431 | . 135 296 ECM 431 | . 135 296 Robot Analysis Total . | . . . Derelict Logs Recovered . | . . . Drone Launches . | . . . Drone Recoveries . | . . . Exploration | -11 -10 -9 ------------- Run | Yrd Mat Mat Turns Passed 533 | 72 165 296 Spaces Moved 312 | 57 122 133 Core 31 | 22 . 9 Treads . | . . . Legs 281 | 35 122 124 Wheels . | . . . Hover . | . . . Flight . | . . . Fastest Speed 50 | 50 120 120 Average Speed 134 | 103 120 161 Slowest Speed 600 | 250 120 600 Overloaded Moves . | . . . Propulsion Burnouts . | . . . Robots Hopped . | . . . Potential Cave-ins . | . . . Cave-ins Triggered . | . . . Exploration Rate (%) 14 | 4 28 12 Regions Visited 2 Branch Regions . Pre-discovered Areas . | . . . Known Exits Taken . | . . . Unknown Exits Taken 2 | 1 1 . Scrap Searched . | . . . Spaces Dug . | . . . Terrain Destroyed 1 | . . 1 Melee . | . . . Projectile 1 | . . 1 AOE . | . . . Terrain Rammed . | . . . Walls Destroyed . | . . . Machines Disabled . | . . . Actions | -11 -10 -9 --------- Run | Yrd Mat Mat Total 388 | 70 131 187 Wait . | . . . Move 310 | 56 121 133 Hop . | . . . Pick Up 22 | 8 4 10 Fast Attach . | . . . Attach 15 | 6 1 8 Detach 5 | . . 5 Swap 2 | . . 2 Drop 3 | . . 3 Fire 31 | . 5 26 Melee . | . . . Ram . | . . . Kick . | . . . Crush . | . . . Escape Stasis . | . . . Rewire . | . . . Trap . | . . . Miscellaneous . | . . . Route ------- -11/Scrapyard -10/Materials (discovered 2 exits: *Mat / [*Min]) -9/Materials History --------- Turn | Location | Event 5 | -11/Scrapyard | Discovered new exit (range 16) 73 | -11/Scrapyard | Entered Materials 218 | -10/Materials | Discovered new exit (range 15) 221 | -10/Materials | Discovered new exit (range 13) 238 | -10/Materials | Entered another Materials area 238 | -9/Materials | Evolved 2 slots: Propulsion x2 323 | -9/Materials | Build established: Mutant 514 | -9/Materials | Core integrity fell below 50% 529 | -9/Materials | Core integrity fell below 20% 534 | -9/Materials | Destroyed by G-34 Mercenary with Small Laser Last Messages --------------- Acquired Imp. Ion Engine. Acquired Targeting Computer. G-34 Mercenary Aluminum Leg blasted off. G-34 Mercenary knocked back. G-34 Mercenary destroyed. Carbon-fiber Leg severed. R-06 Scavenger collects Ion Engine. L-31 Rogue knocked back. R-06 Scavenger collects Aluminum Leg. B-36 Bruiser destroyed. R-06 Scavenger collects Aluminum Leg. R-06 Scavenger collects Sml. Laser. Carbon-fiber Leg destroyed. Imp. Light Cannon destroyed. B-36 Bruiser destroyed. Particle Gun destroyed. L-31 Rogue destroyed. Carbon-fiber Leg destroyed. Imp. Ion Engine destroyed. G-34 Mercenary destroyed. Map ----- +----------------------------------------------------+ | ?????????????????????????????????????????????????? | | ?????????????????????????????????????????????????? | | ?????????????????????????????????????????????????? | | ?????????????????????????????????????????????????? | | ?????????????????????????????????????????????????? | | ?????????????????????????????????????????????????? | | ?????????????????????????????????????????????????? | | ?????????????????????????????????????????????????? | | ?????????????????????????????????????????????????? | | ?????????????????????????????????????????????????? | | ?????????????##+#????????????????????????????????? | | ?????????????# ????????????????????????????????? | | ?????????????# #???????????????????????????????? | | ??????????"??/ #???????????????????????????????? | | ??????????""?# #??????????????? ???????????????? | | ???????????" # #?????????????? ???????????????? | | ???????????? # #????????????? ???????????????? | | ?????????????/ ###########?? ???????????????? | | ?????????????# # = %* % ## ???????????????? | | ?????????????# # % % =% %# ????????????????? | | ?????????????# #! % %/%##????????????????????? | | ?????????????#u # g g =!]#?????????????????????? | | ?????????????# %/k%g ]]= %#?????????????????????? | | ?????????????+ # g ]= #?????????????????????? | | ?????????????# # ]= #?????????????????????? | | ?????????????# # @ #?????????????????????? | | ?????????????# ###########?????????????????????? | | ?????????????# #???????????????????????????????? | | ????########## #???????????????????????????????? | | ????# # #???????????????????????????????? | | ????# """ # #???????????????????????????????? | | ????# """ # #???????????????????????????????? | | ????# """ # #???????????????????????????????? | | ????# / #???????????????????????????????? | | ????# # #???????????????????????????????? | | ????# "" "" # #???????????????????????????????? | | ????# ""S"" # #???????????????????????????????? | | ????# """" # #???????????????????????????????? | | ????########## ###?????????????????????????????? | | ?????????????# T#?????????????????????????????? | | ??????######## ""#?????????????????????????????? | | ??????# # ###?????????????????????????????? | | ??????# # #???????????????????????????????? | | ??????# """ + #???????????????????????????????? | | ??????# """ # #####???????????????????????????? | | ??????# """ # !!#???????????????????????????? | | ??????# # !!#???????????????????????????? | | ??????######## !!#???????????????????????????? | | ?????????????# !#???????????????????????????? | | ?????????????# #???????????????????????????? | +----------------------------------------------------+ Best States ------------- Heat Dissipation 28 Energy Generation 12 Energy Capacity 265 Matter Stores 228 Matter Capacity 300 Sight Range 16 Terrain Scan Density 10 ECM Strength 1 Evasion (%) 55 Item Schematics ----------------- None Robot Schematics ------------------ None Fabricated ------------ Nothing Repaired ---------- Nothing Studied --------- None Alien Tech Used ----------------- None Achievements -------------- None Challenges ------------ None Game ------ Seed CentriumDispersalAutohacker Manual? 0 Play Time 00:12:31 Cumulative 1.4 hours Start 2026.09.13 @ 17:13:53 End 2026.09.13 @ 17:26:26 Sessions 1 Manual Loads 0 Difficulty Rogue Special Mode None Game No. 4 Rogue 4 Adventurer 0 Explorer 0 Win Type - Total 0 Types 0/0/0/0/0/0/0/0/0/0 Lore% 0 Gallery% 2 Achievement% 2 Wizard Run 0 Options --------- Layout 1 ASCII 0 Keyboard 1 Movement Numpad Keybinds 0 Fullscreen 1 Font 24/Smallcaps Map View 50x35 Zoom Use 0% Tactical HUD 0 Map Filters NONE Filters NONE Steam 1 RUN: 9981c0fa-51f8-4b0f-ac0e-c51167c82fce